% Time on Ice - TEXAS TOROS
Lines # - Real PCT - Wanted PCT - Time Play
Normal Forward
1 - 36% - 38% - 17:06
2 - 29% - 33% - 13:55
3 - 24% - 21% - 11:20
4 - 12% - 8% - 5:45
Normal Defense
1 - 37% - 36% - 17:47
2 - 31% - 31% - 14:44
3 - 30% - 23% - 14:18
4 - 3% - 10% - 1:17
PP Forward
1 - 45% - 55% - 1:48
2 - 55% - 45% - 2:10
PP Defense
1 - 55% - 55% - 2:10
2 - 45% - 45% - 1:48
PK Forward
1 - 56% - 55% - 3:20
2 - 44% - 45% - 2:37
PK Defense
1 - 48% - 55% - 2:52
2 - 52% - 45% - 3:05
PK3 Forward
1 - 0% - 55%
2 - 0% - 45%
PK3 Defense
1 - 0% - 55%
2 - 0% - 45%
44 Forward
1 - 59% - 55% - 1:10
2 - 41% - 45% - 0:49
44 Defense
1 - 59% - 55% - 1:10
2 - 41% - 45% - 0:49
Last Minute Offensive  - 0:00
Last Minute Defensive  - 0:00
Total
Forward - 60:00
Defense - 60:00
% Time on Ice - ANCHORAGE ACES
Lines # - Real PCT - Wanted PCT - Time Play
Normal Forward
1 - 33% - 35% - 15:41
2 - 33% - 35% - 16:01
3 - 21% - 20% - 10:10
4 - 13% - 10% - 6:14
Normal Defense
1 - 37% - 37% - 17:35
2 - 37% - 37% - 17:54
3 - 25% - 26% - 12:11
4 - 1% - 0% - 0:26
PP Forward
1 - 59% - 55% - 3:30
2 - 41% - 45% - 2:27
PP Defense
1 - 57% - 55% - 3:22
2 - 43% - 45% - 2:35
PK Forward
1 - 57% - 55% - 2:15
2 - 43% - 45% - 1:43
PK Defense
1 - 60% - 55% - 2:22
2 - 40% - 45% - 1:36
PK3 Forward
1 - 0% - 55%
2 - 0% - 45%
PK3 Defense
1 - 0% - 55%
2 - 0% - 45%
44 Forward
1 - 42% - 55% - 0:50
2 - 58% - 45% - 1:09
44 Defense
1 - 42% - 55% - 0:50
2 - 58% - 45% - 1:09
Last Minute Offensive  - 0:00
Last Minute Defensive  - 0:00
Total
Forward - 60:00
Defense - 60:00
Play-by-Play 1st period 0:01 of 1st period - Alexander Wennberg wins face-off versus Nathan MacKinnon in neutral zone. 0:09 of 1st period - Nathan MacKinnon is hit by Brock McGinn and loses puck. 0:18 of 1st period - Shot by Connor McDavid. 0:18 of 1st period - Deflect By Nathan MacKinnon. 0:18 of 1st period - Stopped by Anders Nilsson without a rebound. 0:19 of 1st period - Leon Draisaitl wins face-off versus Jake Virtanen in TEXAS TOROS zone. 0:46 of 1st period - Icing by Ryan Suter. 0:47 of 1st period - Riley Nash wins face-off versus Leon Draisaitl in ANCHORAGE ACES zone. 1:06 of 1st period - Shot by Leon Draisaitl. 1:06 of 1st period - Stopped by Anders Nilsson with a rebound. 1:32 of 1st period - Icing by Patrik Nemeth. 1:33 of 1st period - Riley Nash wins face-off versus Nathan MacKinnon in TEXAS TOROS zone. 1:59 of 1st period - Shot by Connor McDavid. 1:59 of 1st period - Shot Blocked by Tyson Barrie. 3:11 of 1st period - Nate Thompson is hit by David Savard and loses puck. 3:58 of 1st period - Deryk Engelland is hit by Nick Cousins. 4:03 of 1st period - Minor Penalty to Nick Cousins for Boarding. 4:04 of 1st period - Justin Abdelkader wins face-off versus Jakob Silfverberg in TEXAS TOROS zone. 4:04 of 1st period - Justin Abdelkader is hit by Leon Draisaitl. 5:25 of 1st period - Shot by Chris Kreider. 5:25 of 1st period - Stopped by Anders Nilsson without a rebound. 5:26 of 1st period - Leon Draisaitl wins face-off versus Justin Abdelkader in TEXAS TOROS zone. 6:22 of 1st period - Cal Clutterbuck is hit by Patrik Nemeth and loses puck. 6:36 of 1st period - Shot by Cal Clutterbuck. 6:36 of 1st period - Stopped by Anders Nilsson without a rebound. 6:37 of 1st period - Mason Appleton wins face-off versus Alexander Wennberg in TEXAS TOROS zone. 6:42 of 1st period - Shot by Tom Kuhnhackl. 6:42 of 1st period - Shot Misses the Net. 6:44 of 1st period - Shot by Jacob Trouba. 6:44 of 1st period - Stopped by Anders Nilsson without a rebound. 6:45 of 1st period - Nathan MacKinnon wins face-off versus Jack Roslovic in TEXAS TOROS zone. 7:15 of 1st period - Shot by Joonas Donskoi. 7:15 of 1st period - Stopped by Anders Nilsson without a rebound. 7:16 of 1st period - Leon Draisaitl wins face-off versus Alexander Wennberg in TEXAS TOROS zone. 7:24 of 1st period - Icing by Erik Gustafsson. 7:25 of 1st period - Leon Draisaitl wins face-off versus Alexander Wennberg in TEXAS TOROS zone. 7:34 of 1st period - Shot by Justin Abdelkader. 7:34 of 1st period - Stopped by Martin Jones without a rebound. 7:35 of 1st period - Nick Schmaltz wins face-off versus Leon Draisaitl in ANCHORAGE ACES zone. 7:55 of 1st period - Darnell Nurse is hit by Jake Virtanen and loses puck. 8:20 of 1st period - Shot by Chris Kreider. 8:20 of 1st period - Shot Misses the Net. 9:12 of 1st period - Shot by Connor McDavid. 9:12 of 1st period - Goal by Connor McDavid - TEXAS TOROS : 0 - ANCHORAGE ACES : 1. 9:13 of 1st period - Tyler Bozak wins face-off versus Alexander Wennberg in neutral zone. 9:29 of 1st period - Icing by Niklas Hjalmarsson. 9:30 of 1st period - Tyler Bozak wins face-off versus Riley Nash in ANCHORAGE ACES zone. 10:14 of 1st period - Minor Penalty to Nick Cousins for Hooking. 10:15 of 1st period - Brock McGinn wins face-off versus Connor McDavid in TEXAS TOROS zone. 10:15 of 1st period - Brock McGinn is hit by Jakob Silfverberg. 11:22 of 1st period - Shot by Nathan MacKinnon. 11:22 of 1st period - Shot Hit the Post. 11:24 of 1st period - Shot by Nathan MacKinnon. 11:24 of 1st period - Shot Misses the Net. 11:26 of 1st period - Shot by Nathan MacKinnon. 11:26 of 1st period - Shot Blocked by Tyson Barrie. 11:28 of 1st period - Shot by Jacob Trouba. 11:28 of 1st period - Stopped by Anders Nilsson with a rebound. 11:30 of 1st period - Shot by Joonas Donskoi. 11:30 of 1st period - Shot Misses the Net. 11:32 of 1st period - Shot by Nathan MacKinnon. 11:32 of 1st period - Shot Misses the Net. 11:34 of 1st period - Shot by Jacob Trouba. 11:34 of 1st period - Stopped by Anders Nilsson without a rebound. 11:35 of 1st period - Nathan MacKinnon wins face-off versus Brock McGinn in TEXAS TOROS zone. 11:36 of 1st period - Shot by Jacob Trouba. 11:36 of 1st period - Shot Misses the Net. 11:56 of 1st period - Shot by Nathan MacKinnon. 11:56 of 1st period - Shot Misses the Net. 11:58 of 1st period - Shot by Ben Chiarot. 11:58 of 1st period - Shot Misses the Net. 12:00 of 1st period - Shot by Jacob Trouba. 12:00 of 1st period - Stopped by Anders Nilsson without a rebound. 12:01 of 1st period - Connor McDavid wins face-off versus Nick Schmaltz in TEXAS TOROS zone. 12:02 of 1st period - Shot by Leon Draisaitl. 12:02 of 1st period - Stopped by Anders Nilsson with a rebound. 12:52 of 1st period - Shot by Riley Nash. 12:52 of 1st period - Stopped by Martin Jones without a rebound. 12:53 of 1st period - Alexander Wennberg wins face-off versus Leon Draisaitl in ANCHORAGE ACES zone. 12:53 of 1st period - Tyson Barrie is hit by Jacob Trouba and loses puck. 13:28 of 1st period - Shot by Justin Abdelkader. 13:28 of 1st period - Stopped by Martin Jones without a rebound. 13:29 of 1st period - Nathan MacKinnon wins face-off versus Nick Schmaltz in ANCHORAGE ACES zone. 13:37 of 1st period - Nathan MacKinnon is hit by David Savard and loses puck. 13:58 of 1st period - Shot by Johan Larsson. 13:58 of 1st period - Goal by Johan Larsson - TEXAS TOROS : 1 - ANCHORAGE ACES : 1. 13:59 of 1st period - Leon Draisaitl wins face-off versus Riley Nash in neutral zone. 14:06 of 1st period - Minor Penalty to Jacob Trouba for Roughing. 14:06 of 1st period - Minor Penalty to Sven Baertschi for Tripping. 14:07 of 1st period - Nathan MacKinnon wins face-off versus Brock McGinn in ANCHORAGE ACES zone. 15:18 of 1st period - Shot by Leon Draisaitl. 15:18 of 1st period - Shot Misses the Net. 15:20 of 1st period - Shot by Darnell Nurse. 15:20 of 1st period - Shot Misses the Net. 16:31 of 1st period - Shot by Sven Baertschi. 16:31 of 1st period - Goal by Sven Baertschi - TEXAS TOROS : 2 - ANCHORAGE ACES : 1. 16:32 of 1st period - Nick Schmaltz wins face-off versus Nathan MacKinnon in neutral zone. 16:40 of 1st period - Icing by Deryk Engelland. 16:41 of 1st period - Nick Schmaltz wins face-off versus Nathan MacKinnon in ANCHORAGE ACES zone. 16:44 of 1st period - Shot by Jake Virtanen. 16:44 of 1st period - Shot Misses the Net. 17:02 of 1st period - Shot by Connor McDavid. 17:02 of 1st period - Shot Misses the Net. 17:25 of 1st period - Icing by Ryan Suter. 17:26 of 1st period - Nathan MacKinnon wins face-off versus Alexander Wennberg in ANCHORAGE ACES zone. 18